 Dungeon Crawl Stone Soup version 0.19-a0-1170-g18f0c96 (webtiles) character file.

199 JustSomeDude the Shield-Bearer (level 5, 0/41 HPs)
             Began as a Demonspawn Fighter on Aug 15, 2016.
             Was an Initiate of Okawaru.
             Slain by a worker ant (5 damage)
             ... on level 5 of the Dungeon on Aug 16, 2016.
             The game lasted 00:06:17 (2793 turns).

JustSomeDude the Shield-Bearer (Demonspawn Fighter) Turns: 2793, Time: 00:06:18

Health: 0/41       AC:  8    Str: 17    XL:     5   Next: 48%
Magic:  5/5        EV:  7    Int:  9    God:    Okawaru [......]
Gold:   157        SH:  9    Dex: 13    Spells: 0 memorised, 4 levels left

rFire  . . .     SeeInvis .     y - +0 spear (curse)
rCold  . . .     Gourm    .     b - +0 scale mail
rNeg   . . .     Faith    .     c - +0 shield
rPois  .         Spirit   .     (no helmet)
rElec  .         Dismiss  .     i - +0 cloak
rCorr  .         Reflect  .     (no gloves)
MR     .....     Harm     .     (no boots)
Stlth  ..........               (no amulet)
                                (no ring)
                                (no ring)

@: lethally poisoned (0 -> -6)
A: powered by pain 2, rot immunity
a: Renounce Religion


You were on level 5 of the Dungeon.
You worshipped Okawaru.
Okawaru was noncommittal.
You were hungry.

You visited 2 branches of the dungeon, and saw 6 of its levels.

You collected 157 gold pieces.

Inventory:

Hand Weapons
 a - a +0 trident
 y - a cursed +0 spear (weapon)
Armour
 b - a +0 scale mail (worn)
 c - a +0 shield (worn)
 i - a +0 cloak (worn)
Jewellery
 l - an uncursed ring of resist corrosion {unknown}
 z - an uncursed ring of protection from cold {unknown}
 B - an uncursed amulet of rage {unknown}
Scrolls
 e - 3 scrolls of recharging {unknown}
 g - 4 scrolls of remove curse {unknown}
 j - a scroll of fear {unknown}
 m - 3 scrolls of blinking {unknown}
 n - 4 scrolls of identify {unknown}
 p - 2 scrolls of magic mapping {unknown}
 q - 2 scrolls of fog {unknown}
 u - a scroll of teleportation {unknown}
Potions
 d - 4 potions of might
 h - 2 potions of flight {unknown}
 k - 3 potions of heal wounds {unknown}
 o - 2 potions of agility {unknown}
 t - a potion of curing {unknown}
 v - a potion of brilliance {unknown}
 A - a potion of lignification {unknown}
Books
 x - a book of Power

   Spells                             Type                      Level
   a - Fulminant Prism                Conjuration/Hexes            4
   b - Iskenderun's Mystic Blast      Conjuration                  4
   c - Venom Bolt                     Conjuration/Poison           5
   d - Bolt of Magma                  Conjuration/Fire/Earth       5
   e - Iron Shot                      Conjuration/Earth            6
   f - Orb of Destruction             Conjuration                  7
   g - Spellforged Servitor           Conjuration/Summoning        7
Comestibles
 f - 3 bread rations
 r - 3 meat rations
 s - a slice of pizza
 w - a beef jerky
 C - 3 chunks of flesh
 D - a royal jelly


   Skills:
 + Level 3.5 Fighting
 + Level 2.6 Polearms
 + Level 3.6 Armour
 + Level 1.3 Dodging
 + Level 0.4 Stealth
 + Level 3.8 Shields


You had 4 spell levels left.
You didn't know any spells.

Dungeon Overview and Level Annotations

Branches:
Dungeon (5/15)             Temple (1/1) D:4

Altars:
Cheibriados
Dithmenos
Elyvilon
Gozag
Okawaru
Pakellas
Ru
Sif Muna
Zin
The Shining One

Annotations:
D:4 Eustachio


Innate Abilities, Weirdness & Mutations

You sometimes gain power by taking damage.
You are immune to rotting.


Message History

You hit the worker ant.
The worker ant is lightly wounded.
The worker ant bites you but does no damage.
You block the orc's attack.
You hit the worker ant.
The worker ant is heavily wounded.
You are feeling hungry.
You block the worker ant's attack. You block the orc's attack.
You closely miss the worker ant.
The worker ant is heavily wounded.
You block the worker ant's attack.
You barely miss the worker ant.
The worker ant is heavily wounded.
The worker ant bites you.
* * * LOW HITPOINT WARNING * * *
You are poisoned.
The worker ant poisons you! The orc hits you with a falchion.
* * * LOW HITPOINT WARNING * * *
The worker ant bites you.
You die...

..# ...
#.# #.#
#.# #.#
#.#
#######<#
......o@#
!######a#
#.# ..#
#.# #..
###


You could see a worker ant and an orc.

Vanquished Creatures
  An orc priest (D:5)
  A worker ant (D:4)
  A gnoll (D:1)
  7 adders
  An ooze (D:2)
  2 worms
  A dart slug (D:2)
  5 giant geckos
  An orc (D:5)
  2 ball pythons (D:2)
  7 bats
  3 giant cockroaches
  7 hobgoblins
  3 kobolds
  A quokka (D:2)
  3 giant newts
  6 goblins
  6 rats
58 creatures vanquished.

Notes
Turn   | Place    | Note
-------+----------+-------------------------------------------
     0 | D:1      | JustSomeDude the Demonspawn Fighter began the quest for the Orb.
     0 | D:1      | Reached XP level 1. HP: 18/18 MP: 1/1
   183 | D:1      | Gained mutation: You sometimes gain a little power by taking damage. [demonic ancestry]
   183 | D:1      | Reached XP level 2. HP: 24/24 MP: 2/2
   479 | D:1      | Gained mutation: You are immune to rotting. [demonic ancestry]
   479 | D:1      | Reached XP level 3. HP: 28/29 MP: 3/3
  1035 | D:2      | Gained mutation: You sometimes gain power by taking damage. [demonic ancestry]
  1035 | D:2      | Reached XP level 4. HP: 30/35 MP: 4/4
  1813 | D:2      | Reached skill level 1 in Dodging
  1994 | D:3      | Upgraded the game from 0.19-a0-1168-g98094fc to 0.19-a0-1170-g18f0c96
  2099 | D:3      | Found a white marble altar of Elyvilon.
  2578 | D:4      | Reached XP level 5. HP: 26/41 MP: 5/5
  2617 | D:4      | Found a staircase to the Ecumenical Temple.
  2623 | D:4      | Noticed Eustachio
  2649 | Temple   | Entered the Ecumenical Temple
  2746 | Temple   | Became a worshipper of Warmaster Okawaru
  2771 | D:5      | Entered Level 5 of the Dungeon
  2793 | D:5      | Slain by a worker ant

Vault maps used:
D:1:      lemuel_arrival_funnel
D:3:      elyvilon_altar_5
D:4:      grunt_temple_overflow_forces_of_nature, uniq_eustachio
D:5:      marbit_many_paths, first_bread, uniq_blork_the_orc,
          uniq_crazy_yiuf_cottage, uniq_duvessa
Temple:   dpeg_three_leaves_temple

Skill      XL: |  1  2  3  4 |
---------------+-------------+-----
Armour         | 3 |  3.6
Shields        | 3 |  3.8
Polearms       | 2 |  2.6
Dodging        | 1 |  1.3
Fighting       | |  3.5
Stealth        | |  0.4

Action                   |  1- 3 |  4- 6 || total
-------------------------+-------+-------++-------
Melee: Trident           |   116 |   105 ||   221
       Spear             |       |    64 ||    64
  Eat: Chunk             |     1 |     5 ||     6
Armor: Scale mail        |    43 |    72 ||   115
Dodge: Dodged            |    29 |    48 ||    77
Block: Shield            |    44 |    80 ||   124
